Map: Romanticide LE

Players

seRRal

  • Race: Zerg Zerg
  • Spawn Location: 5:00

cure - Winner!

  • Race: Terran Terran
  • Spawn Location: 11:00

Event: StayAtHome Story Cup #3

VOD

Have the link to the VOD?

Description

Time

  • Played on: March 14, 2021, 12:21 p.m.
  • Length: 7:56

All games in this series

Show
View Real Time Build Order
Export as new Build Order

seRRal Zerg 

Build Orders: Hatch First 

Get SALT Encoding   

  12  0:00  Drone  
  13  0:12  Overlord  
  13  0:16  Drone  
  14  0:30  Drone x2  
  16  0:47  Hatchery  
  15  0:50  Drone  
  15  0:54  Drone  
  17  0:58  Drone  
  18  1:08  Extractor  
  17  1:12  Spawning Pool  
  17  1:15  Drone  
  17  1:20  Drone  
  18  1:28  Drone  
  19  1:38  Drone  
  20  1:48  Drone  
  21  1:59  Queen x2  
  21  2:00  Zergling x4  
  27  2:10  Overlord  
  27  2:11  Drone  
  28  2:22  Hatchery  
  28  2:26  Drone  
  28  2:30  Overlord  
  28  2:34  Drone  
  29  2:37  Pneumatized Carapace  
  29  2:44  Overlord  
  29  2:48  Drone  
  29  2:49  Drone  
  31  2:53  Drone x2  
  33  2:59  Queen  
  35  3:08  Drone x3  
  35  3:10  Drone  
  35  3:11  Drone  
  40  3:15  Overlord  
  40  3:21  Drone  
  40  3:23  Queen  
  40  3:26  Drone  
  44  3:35  Queen  
  44  3:38  Metabolic Boost  
  44  3:40  Queen  
  47  3:45  Drone  
  48  3:49  Drone x2  
  48  3:50  Drone x2  
  48  3:54  Overlord  
  52  3:57  Zergling x4  
  52  3:59  Overlord  
  52  4:01  Drone  
  55  4:04  Overlord  
  55  4:12  Zergling x2  
  55  4:13  Drone x3  
  55  4:14  Drone x2  
  55  4:16  Drone  
  62  4:18  Drone  
  62  4:22  Queen  
  65  4:25  Overlord  
  65  4:30  Zergling x2  
  66  4:31  Drone  
  66  4:33  Drone  
  66  4:34  Drone x2  
  66  4:36  Queen  
  66  4:37  Overlord  
  72  4:40  Drone  
  72  4:41  Drone  
  74  4:47  Lair  
  74  4:48  Drone  
  75  4:54  Extractor x2, Drone x4, Baneling Nest  
  76  5:02  Zergling x2  
  76  5:03  Queen  
  79  5:07  Drone  
  79  5:08  Hatchery, Drone  
  79  5:13  Overlord  
  80  5:14  Drone  
  80  5:15  Drone x2  
  80  5:16  Drone x2  
  80  5:19  Overlord  
  80  5:20  Drone  
  86  5:22  Drone x2  
  86  5:23  Drone  
  86  5:26  Extractor  
  88  5:28  Extractor x2  
  88  5:31  Drone x2  
  88  5:33  Drone x3  
  91  5:39  Drone  
  91  5:40  Evolution Chamber x2  
  91  5:47  Drone x3, Overlord  
  91  5:48  Drone x2  
  96  5:55  Centrifical Hooks  
  97  5:57  Zergling x6  
  97  5:59  Baneling x6  
  97  6:01  Zergling x2  
  97  6:02  Zergling x4  
  102  6:12  Overlord  
  102  6:13  Drone x3  
  102  6:16  Drone  
  102  6:17  Overlord  
  106  6:20  Zergling x12  
  106  6:22  Baneling x4  
  106  6:23  Baneling  
  106  6:24  Baneling x2  
  112  6:26  Overlord  
  112  6:34  Overseer  
  112  6:35  Queen  
  112  6:39  Drone x3  
  117  6:43  Drone  
  117  6:45  Zergling x12  
  117  6:46  Baneling x3  
  117  6:47  Baneling x2  
  123  6:51  Baneling x2  
  122  6:59  Zergling x18  
  114  7:03  Queen x2  
  114  7:06  Queen  
  114  7:07  Zergling x2  
  113  7:12  Zergling x2  
  113  7:14  Queen  
  111  7:18  Zergling x6  
  111  7:19  Zergling x4  
  111  7:20  Baneling x2, Overseer  
  111  7:27  Baneling x5, Zergling x2  
  111  7:29  Overlord x3  
  112  7:31  Hatchery  
Show
View Real Time Build Order
Export as new Build Order

cure Terran - Winner!

Build Orders:  

Get SALT Encoding   

  12  0:00  SCV  
  13  0:12  SCV  
  14  0:17  Supply Depot  
  14  0:24  SCV  
  15  0:38  SCV  
  15  0:40  Barracks  
  16  0:42  Refinery  
  16  0:50  SCV  
  17  1:03  SCV  
  18  1:15  SCV  
  19  1:27  Orbital Command, Marine  
  20  1:38  Command Center  
  20  1:45  Marine  
  21  1:49  Supply Depot  
  21  1:54  SCV  
  22  2:06  SCV  
  22  2:07  Factory  
  23  2:09  Barracks Reactor  
  23  2:18  SCV  
  24  2:30  SCV  
  25  2:37  Command Center  
  25  2:42  SCV  
  26  2:50  Orbital Command  
  26  2:56  SCV  
  27  2:59  Hellion  
  27  3:01  Hellion  
  27  3:03  Barracks Tech Lab  
  31  3:08  SCV  
  31  3:11  Refinery  
  32  3:16  SCV  
  33  3:20  SCV  
  33  3:24  Hellion x2  
  33  3:25  Marine  
  39  3:29  SCV  
  39  3:32  SCV  
  39  3:33  Stimpack  
  41  3:42  SCV  
  41  3:44  SCV, Marine  
  44  3:48  Barracks  
  44  3:52  Orbital Command  
  44  3:55  Factory Reactor  
  44  3:56  SCV x2  
  44  3:58  Barracks  
  44  4:02  Marine  
  47  4:08  SCV x2  
  49  4:13  Supply Depot  
  49  4:18  SCV  
  49  4:20  SCV, Marine  
  49  4:21  SCV  
  53  4:25  Engineering Bay  
  53  4:26  Engineering Bay  
  53  4:30  SCV  
  54  4:32  SCV  
  54  4:33  Starport, SCV  
  54  4:36  Supply Depot  
  54  4:38  Marine x2  
  57  4:40  Factory Reactor  
  57  4:41  Marine  
  57  4:44  SCV  
  57  4:45  SCV x2  
  62  4:46  Orbital Command  
  62  4:51  Refinery  
  62  4:52  Terran Infantry Weapons Level 1  
  62  4:53  Refinery  
  62  4:54  Terran Infantry Armor Level 1  
  62  4:56  Marine  
  63  5:00  SCV x2  
  63  5:04  Marine x3  
  63  5:05  Marine  
  63  5:06  Supply Depot  
  69  5:13  Combat Shield  
  69  5:14  SCV  
  69  5:15  SCV x2  
  69  5:18  Supply Depot  
  72  5:22  Factory Reactor, Medivac  
  72  5:24  Marine, Medivac  
  72  5:27  Marine x3  
  80  5:28  Marine  
  80  5:32  Supply Depot  
  80  5:34  SCV x2  
  83  5:37  SCV  
  83  5:41  Armory  
  84  5:48  SCV x2  
  84  5:49  SCV  
  87  5:50  Marine x3  
  87  5:51  Marine  
  87  5:56  Medivac x2  
  95  6:00  SCV  
  95  6:01  SCV  
  95  6:02  Supply Depot  
  97  6:06  Hellion x2  
  97  6:08  Supply Depot  
  101  6:11  Supply Depot  
  101  6:21  Barracks  
  101  6:22  Barracks  
  101  6:24  Marine x4  
  105  6:27  SCV x3  
  105  6:32  Medivac x2  
  112  6:34  Hellion x2, Marine  
  117  6:41  SCV x3, Supply Depot  
  117  6:44  Supply Depot  
  120  6:47  Marine x2  
  120  6:48  Marine x2  
  120  6:52  Marine  
  125  6:57  SCV x3  
  109  7:05  Marine x4  
  104  7:10  SCV x3, Marine x3  
  101  7:23  Marine  
  101  7:25  Marine x3  
  101  7:28  Hellion x2, Marine  
  112  7:35  SCV x3  
Tags
 
Add a new tag
Caveats
  • Supply blocks, unpowered buildings, or Contaminate may cause inaccurate times.
  • Supply counts are checked every 10 seconds.